 Dungeon Crawl Stone Soup version 0.30.0-15-g856e2d3f33 (webtiles) character file.

Game seed: 5241584894226902579

23071 qdestroyer the Severer (level 12, -3/115 HPs)
             Began as a Minotaur Berserker on May 19, 2023.
             Was an Elder of Trog.
             Slain by a skeletal warrior
             ... wielding a +0 war axe
              (11 damage)
             ... on level 13 of the Dungeon.
             The game lasted 00:17:53 (12323 turns).

qdestroyer the Severer (Minotaur Berserker)        Turns: 12323, Time: 00:17:53

Health: -3/115     AC: 20    Str: 26    XL:     12   Next: 68%
Magic:  11/11      EV:  8    Int:  4    God:    Trog [****..]
Gold:   637        SH:  9    Dex: 11    Spells: 11/11 levels left

rFire   . . .        n - +2 hand axe (heavy)
rCold   . . .        x - +3 buckler "Joinopn" {rN+ Will++ Regen+ Stlth-}
rNeg    + . .        A - +1 plate armour "Nepudwif" {rElec Will+}
rPois   .            (helmet restricted)
rElec   +            (no cloak)
rCorr   .            e - +1 pair of gloves
SInv    .            (no boots)
Will    +++++        (no amulet) Stlth
                     (no ring)
HPRegen 2.19/turn    (no ring)
MPRegen 0.12/turn

%: no passive effects
@: strong-willed, on berserk cooldown, regenerating, slowed, very slow
A: horns 2, retaliatory headbutt
a: Renounce Religion, Berserk, Trog's Hand, Brothers in Arms


You were on level 13 of the Dungeon.
You worshipped Trog.
Trog was greatly pleased with you.
You visited 1 branch of the dungeon, and saw 13 of its levels.
You also visited: Sewer.

You collected 637 gold pieces.

Inventory:

Hand Weapons
 n - a +2 heavy hand axe (weapon)
Missiles
 m - 2 throwing nets (quivered)
Armour
 e - a +1 pair of gloves (worn)
 x - the +3 buckler "Joinopn" (worn) {rN+ Will++ Regen+ Stlth-}
   (You found it on level 8 of the Dungeon)

   rN:        It protects you from negative energy.
   Regen:     It increases your rate of health regeneration.
   Will:      It greatly increases your willpower.
   Stlth:     It makes you less stealthy.
 A - the +1 plate armour "Nepudwif" (worn) {rElec Will+}
   (You found it on level 9 of the Dungeon)

   rElec:     It insulates you from electricity.
   Will:      It increases your willpower.
Jewellery
 p - an amulet of faith
 G - a ring of ice
Wands
 f - a wand of polymorph (4)
 y - a wand of flame (47)
 F - a wand of paralysis (10)
Scrolls
 a - 2 scrolls of fog
 b - 5 scrolls of enchant weapon
 c - 4 scrolls of teleportation
 u - a scroll of enchant armour
 v - 6 scrolls of fear
 w - a scroll of brand weapon
 z - a scroll of silence
 B - 2 scrolls of immolation
Potions
 d - 4 potions of flight
 g - 3 potions of heal wounds
 h - 4 potions of haste
 i - 10 potions of lignification
 j - 3 potions of resistance
 k - a potion of cancellation
 l - 2 potions of ambrosia
 o - a potion of berserk rage
 q - a potion of mutation
 r - 8 potions of curing
 s - 4 potions of attraction
 E - a potion of might {unknown}


   Skills:
 + Level 13.0 Fighting
 + Level 15.3 Axes
 + Level 14.5 Armour
 - Level 2.2 Dodging
 + Level 8.3 Shields


You had 11 spell levels left.
You didn't know any spells.
Your spell library was empty.

Dungeon Overview and Level Annotations

Branches:
Dungeon (13/15)            Temple (0/1) D:7            Lair (0/5) D:10
    Orc (0/2) D:12          Sewer (visited)
 Vaults: D:13-14

Altars:
Dithmenos
Gozag
Qazlal
Uskayaw
Vehumet

Shops:
D:6 (


Innate Abilities, Weirdness & Mutations

You have a pair of horns on your head.
You reflexively headbutt those who attack you in melee.


Message History

Unknown command.
You slash the skeletal warrior!
Your headbutt misses the skeletal warrior.
The skeletal warrior is severely damaged.
You slash the skeletal warrior! You barely miss the skeletal warrior.
Unknown command.
You slash the skeletal warrior!
You headbutt the skeletal warrior, but do no damage.
The skeletal warrior is almost destroyed.
You hit the skeletal warrior but do no damage.
You slash the skeletal warrior!
The skeletal warrior hits you from afar with a +0 trident!
The skeletal warrior hits you but does no damage.
The skeletal warrior hits you with a +0 dire flail!
The skeletal warrior hits you with a +0 long sword!
* * * LOW HITPOINT WARNING * * *
You slice the skeletal warrior!!
You destroy the skeletal warrior!
Trog accepts your kill.
You hit the skeletal warrior but do no damage.
You slash the skeletal warrior!
Your Fighting skill increases to level 13!
Unknown command.
You are no longer berserk.
You are exhausted.
You feel yourself slow down.
You block the skeletal warrior's attack.
The skeletal warrior hits you with a +0 long sword!
* * * LOW HITPOINT WARNING * * *
You block the skeletal warrior's attack.
Items here: ))) †.
Your skin crawls.
You feel strong-willed.
You block the skeletal warrior's attack.
The skeletal warrior hits you with a +0 long sword!
* * * LOW HITPOINT WARNING * * *
The skeletal warrior hits you with a +0 trident.
* * * LOW HITPOINT WARNING * * *
The skeletal warrior hits you with a +0 war axe!
You die...

#........^.............
##..............###....
###.............. #.###
#...............
....### ###............
....... ##.##$........
........ #.............
....>.#.
##....z.z...... #.....
#.....)@....... ..
.#... ##.....z.......
...##... #........####.
........ ##.........
........ ##..###....
........ ##. ......
........ .. ......
.......# #.. ......
........ ........


You could see 3 skeletal warriors.

Vanquished Creatures
  Snorg (D:12)
  A boulder beetle (D:13)
  3 two-headed ogres
  4 centaur warriors
  3 death yaks (D:10)
  2 skeletal warriors (D:13)
  Pikel (D:9)
  An orc sorcerer (D:12)
  2 ugly things
  A manticore (D:13)
  Joseph (D:10)
  A gargoyle (D:12)
  An unseen horror (D:12)
  2 kobold demonologists
  2 komodo dragons
  2 trolls
  Grinder (D:5)
  5 hornets
  9 slime creatures
  4 wraiths
  2 wyverns
  7 yaks
  A steam dragon (D:8)
  5 vampire mosquitoes (D:12)
  Menkaure (D:7)
  A naga (shapeshifter) (D:13)
  An acid dragon (D:11)
  A water moccasin (D:9)
  2 sky beasts (D:7)
  A floating eye (D:12)
  4 orc warriors
  An ice beast (D:8)
  A black bear (D:5)
  An ogre (D:6)
  7 centaurs
  3 lemures (D:9)
  11 kobold brigands
  2 phantoms
  Blork the orc (D:5)
  3 bullfrogs
  3 gnoll sergeants
  2 scorpions (D:6)
  4 wights (D:9)
  9 killer bees
  2 howler monkeys (D:10)
  5 orc priests
  A sleepcap (D:5)
  Natasha (thrice) (D:4)
  5 iguanas
  9 orc wizards
  A hell rat (D:10)
  10 adders
  20 gnolls
  5 river rats
  6 white imps
  7 worms
  3 dart slugs
  24 orcs
  11 endoplasms
  4 giant cockroaches
  6 goblins
  5 hobgoblins
  18 kobolds
  3 quokkas
  15 ball pythons
  2 bats
  3 frilled lizards
  18 rats
307 creatures vanquished.

Notes
Turn   | Place    | Note
-------+----------+-------------------------------------------
     0 | D:1      | qdestroyer the Minotaur Berserker began the quest for the
                  | Orb.
     0 | D:1      | Reached XP level 1. HP: 19/19 MP: 0/0
   120 | D:1      | Reached skill level 4 in Axes
   120 | D:1      | Reached XP level 2. HP: 27/27 MP: 1/1
   871 | D:2      | Reached XP level 3. HP: 32/33 MP: 2/2
  1145 | D:2      | Reached skill level 5 in Axes
  1145 | D:2      | Reached XP level 4. HP: 32/41 MP: 3/3
  1216 | D:2      | Found a faded altar of an unknown god.
  1367 | D:2      | Reached ** piety under Trog
  1895 | D:3      | Found the +7 Throatcutter {drain, coup de grace}
  2489 | D:3      | Reached XP level 5. HP: 47/47 MP: 4/4
  2911 | D:4      | Reached skill level 6 in Axes
  2932 | D:4      | Found a stormy altar of Qazlal.
  2939 | D:4      | Reached skill level 5 in Fighting
  2991 | D:4      | Noticed Natasha
  2999 | D:4      | Killed Natasha
  3032 | D:4      | Found a glowing drain.
  3048 | Sewer    | Entered a sewer
  3129 | Sewer    | Reached XP level 6. HP: 12/56 MP: 5/5
  3298 | Sewer    | Reached skill level 7 in Axes
  3380 | Sewer    | Reached XP level 7. HP: 52/62 MP: 6/6
  3594 | Sewer    | Reached skill level 8 in Axes
  3832 | Sewer    | Reached skill level 5 in Armour
  4314 | D:4      | Noticed Natasha
  4327 | D:4      | Killed Natasha
  4510 | D:4      | Noticed Natasha
  4517 | D:4      | Killed Natasha
  4645 | D:4      | Reached XP level 8. HP: 69/71 MP: 7/7
  4948 | D:5      | Entered Level 5 of the Dungeon
  4987 | D:5      | Noticed Grinder
  4996 | D:5      | Killed Grinder
  4997 | D:5      | Reached skill level 9 in Axes
  5242 | D:5      | Reached *** piety under Trog
  5435 | D:5      | Noticed Blork the orc
  5443 | D:5      | Killed Blork the orc
  5444 | D:5      | Reached skill level 10 in Axes
  6615 | D:6      | Found Pait's Antique Weapon Shoppe.
  6622 | D:6      | Reached XP level 9. HP: 81/81 MP: 8/8
  7622 | D:7      | Found a hide-covered altar of Uskayaw.
  7623 | D:7      | Found a shadowy altar of Dithmenos.
  7623 | D:7      | Found an opulent altar of Gozag.
  7652 | D:7      | Noticed Menkaure
  7660 | D:7      | Killed Menkaure
  7854 | D:7      | Found a staircase to the Ecumenical Temple.
  7985 | D:7      | Reached skill level 11 in Axes
  8709 | D:8      | Found a radiant altar of Vehumet.
  8712 | D:8      | Identified the +3 buckler "Joinopn" {rN+ Will++ Regen+
                  | Stlth-}
  8857 | D:8      | Reached skill level 12 in Axes
  8857 | D:8      | Reached XP level 10. HP: 91/91 MP: 9/9
  8909 | D:8      | Reached skill level 10 in Armour
  9188 | D:9      | Noticed Pikel
  9197 | D:9      | Killed Pikel
  9198 | D:9      | Reached skill level 1 in Shields
  9443 | D:9      | Reached skill level 10 in Fighting
  9456 | D:9      | Identified the +1 plate armour "Nepudwif" {rElec Will+}
  9666 | D:10     | Entered Level 10 of the Dungeon
  9672 | D:10     | Reached **** piety under Trog
  9754 | D:10     | Reached skill level 13 in Axes
  9810 | D:10     | Noticed Joseph
  9822 | D:10     | Killed Joseph
  9842 | D:10     | Noticed a two-headed ogre
  9849 | D:10     | Killed a two-headed ogre
  9892 | D:10     | Noticed a death yak
  9892 | D:10     | Noticed a death yak
  9892 | D:10     | Noticed a death yak
  9893 | D:10     | Found a staircase to the Lair.
  9913 | D:10     | Killed a death yak
  9914 | D:10     | Reached XP level 11. HP: 34/101 MP: 10/10
  9919 | D:10     | Killed a death yak
  9932 | D:10     | Killed a death yak
 10616 | D:11     | Noticed a red ugly thing
 10626 | D:11     | Killed a red ugly thing
 10843 | D:11     | Reached skill level 14 in Axes
 10844 | D:11     | Reached skill level 5 in Shields
 10899 | D:12     | Noticed a two-headed ogre
 10901 | D:12     | Noticed a centaur warrior
 10907 | D:12     | Killed a two-headed ogre
 10912 | D:12     | Killed a centaur warrior
 10940 | D:12     | Noticed Snorg
 10950 | D:12     | Killed Snorg
 11074 | D:12     | Paralysed by a floating eye for 3 turns
 11080 | D:12     | Paralysed by a hornet for 1 turns
 11083 | D:12     | Paralysed by a hornet for 2 turns
 11088 | D:12     | Noticed an orc sorcerer
 11092 | D:12     | Killed an orc sorcerer
 11304 | D:12     | Found a staircase to the Orcish Mines.
 11453 | D:12     | Reached XP level 12. HP: 112/112 MP: 11/11
 11639 | D:12     | Noticed a two-headed ogre
 11647 | D:12     | Killed a two-headed ogre
 11959 | D:13     | Noticed a centaur warrior
 12016 | D:13     | Noticed a boulder beetle
 12019 | D:13     | Killed a centaur warrior
 12027 | D:12     | Reached skill level 15 in Axes
 12059 | D:13     | Noticed a centaur warrior
 12068 | D:13     | Killed a centaur warrior
 12251 | D:13     | Killed a boulder beetle
 12299 | D:13     | Noticed a centaur warrior
 12313 | D:13     | Killed a centaur warrior
 12323 | D:13     | Slain by a skeletal warrior

Illustrated notes

Levels and vault maps discovered:
D:1:      moated_graveyard_arrival, layout_basic, hangedman_decor_riveting
D:2:      layout_basic, shapermc_ecumenical_altar_pompeii
D:3:      layout_basic, serial_aquarium, aquarium_bridge_square
          [aquarium_subvault_bridge, aquarium_subvault_wall,
          aquarium_subvault_wall, aquarium_subvault_wall], aquarium_window_fake,
          aquarium_window_1, aquarium_window_double, aquarium_window_corner,
          aquarium_view_2b, aquarium_view_2a
D:4:      layout_basic, mainiacjoe_overflow_small_starburst,
          portal_sewer_entry_b, nrook_campfire, uniq_natasha
D:5:      layout_layer_cave, st_stairs_14, uniq_blork_the_orc, uniq_grinder
D:6:      layout_cave_pods, serial_shops, nicolae_shop_hallway_plus,
          ebering_dispersal_statue_hall
D:7:      layout_basic, chequers_temple_overflow_statue_of_worship,
          temple_doors_e, uniq_menkaure
D:8:      layout_rooms, lemuel_round_altar
D:9:      layout_rooms, uniq_pikel
D:10:     layout_roguey, dpeg_lair_monsters, uniq_joseph
D:11:     layout_cave_pools
D:12:     hellmonk_paralyzer, layout_irregular_city, david_orc_1_choice,
          uniq_snorg
D:13:     layout_cave_pools, lightli_vaults_fourway_checkpoint

Skill      XL: |  1  2  3  4  5  6  7  8  9 10 11 12 |
---------------+-------------------------------------+-----
Axes           | 4 5 6 7 8 10 12 13 14 15 | 15.3
Fighting       | 4 5 6 8 9 10 12 13 | 13.0
Armour         | 3 4 5 7 9 11 13 14 | 14.5
Shields        | 4 6 8 |  8.3
Dodging        | |  2.2

Action                     |  1- 3 |  4- 6 |  7- 9 | 10-12 || total
---------------------------+-------+-------+-------+-------++-------
  Melee: Hand axe          |    72 |   117 |   404 |   341 ||   934
         Headbutt          |     9 |    15 |    51 |    87 ||   162
         Long sword        |       |    18 |       |       ||    18
         Punch             |       |     2 |     3 |       ||     5
 Invoke: Berserk           |       |     4 |     8 |    12 ||    24
         Trog's Hand       |       |     1 |     3 |     3 ||     7
    Use: Scroll            |       |       |    15 |    13 ||    28
 Armour: Animal skin       |     5 |       |       |       ||     5
         Leather armour    |    16 |    25 |       |       ||    41
         Ring mail         |       |    15 |    43 |       ||    58
         Chain mail        |       |       |   124 |    29 ||   153
         Plate armour      |       |       |       |   182 ||   182
  Dodge: Dodged            |    43 |    65 |   138 |   123 ||   369
  Block: Buckler           |       |       |     4 |   154 ||   158
